 Dungeon Crawl Stone Soup version 0.19-a0-1907-gcff654f (webtiles) character file.

240 rvm the Slasher (level 6, -6/47 HPs)
             Began as a Human Fighter on Oct 22, 2016.
             Was a Follower of the Shining One.
             Mangled by an ogre
             ... wielding a +0 giant club
              (7 damage)
             ... on level 4 of the Dungeon.
             The game lasted 00:09:09 (3424 turns).

rvm the Slasher (Human Fighter)                     Turns: 3424, Time: 00:09:10

Health: -6/47      AC: 10    Str: 16    XL:     6   Next: 29%
Magic:  6/6        EV:  6    Int:  9    God:    the Shining One [*.....]
Gold:   168        SH:  0    Dex: 14    Spells: 0 memorised, 5 levels left

rFire  . . .     SeeInvis +     a - +0 long sword
rCold  + . .     Gourm    .     r - +0 chain mail
rNeg   . . .     Faith    .     (no shield)
rPois  .         Spirit   .     (no helmet)
rElec  .         Reflect  .     (no cloak)
rCorr  .         Harm     .     h - +0 pair of gloves
MR     .....                    (no boots)
Stlth  ..........               (no amulet)
                                (no ring)
                                u - ring of see invisible

@: glowing
A: cold resistance 1
a: Renounce Religion


You were on level 4 of the Dungeon.
You worshipped the Shining One.
The Shining One was aware of your devotion.
You were not hungry.

You visited 1 branch of the dungeon, and saw 4 of its levels.

You collected 168 gold pieces.

Inventory:

Hand Weapons
 a - a +0 long sword (weapon)
Missiles
 e - 206 stones (quivered)
Armour
 b - a +0 scale mail
 c - a +0 shield
 h - a +0 pair of gloves (worn)
 q - a +0 ring mail
 r - a +0 chain mail (worn)
Jewellery
 u - a ring of see invisible (left hand)
Scrolls
 d - a scroll of random uselessness {unknown}
 g - 3 scrolls of teleportation {unknown}
 j - 3 scrolls of identify
 l - a scroll of noise {unknown}
 m - a scroll of enchant weapon {unknown}
 v - a scroll of fear {unknown}
 w - 3 scrolls of recharging {unknown}
 x - a scroll of remove curse {unknown}
Potions
 i - 2 potions of resistance {unknown}
 k - 2 potions of cancellation
 p - a potion of mutation {unknown}
 t - 2 potions of curing
 A - a potion of flight {unknown}
 B - a potion of ambrosia {unknown}
Comestibles
 f - 4 bread rations
 n - 2 slices of pizza
 o - 2 meat rations
 s - a fruit


   Skills:
 - Level 3.0 Fighting
 + Level 6.2 Long Blades
 - Level 3.0 Armour
 - Level 3.0 Shields


You had 5 spell levels left.
You didn't know any spells.

Dungeon Overview and Level Annotations

Branches:
Dungeon (4/15)
 Temple: D:4-7

Altars:
The Shining One

Annotations:
D:3 Sigmund
D:4 Grinder


Innate Abilities, Weirdness & Mutations

Your flesh is cold resistant. (rC+)


Message History

* * * LOW HITPOINT WARNING * * *
Okay, then.
You hit the ogre.
The ogre is heavily wounded.
The ogre hits you with a giant club!
* * * LOW HITPOINT WARNING * * *
You hit the ogre.
The ogre is severely wounded.
The ogre hits you with a giant club! The Shining One protects you from harm!
You hit the ogre.
The ogre is almost dead.
Your chain mail prevents you from hitting the ogre.
The ogre is almost dead.
The ogre hits you with a giant club! The Shining One protects you from harm!
You hit the ogre.
The ogre is almost dead.
The ogre hits you with a giant club!
You die...

..##.....# #.# #.#
####.....# #.# #.#
#........#####.# #.#
#.#####......#.###.#
# #####......#.....#
#.#..........#..####
.......$.....#..#
..O.#........#..#
5.. #@O......#..# ..
#........#..# .
###......#..#####
.................#
.####............##
#.##...........
#..............
####......#....
#....(######


You could see an ogre.

Vanquished Creatures
  An ogre (D:3)
  2 orc wizards (D:3)
  2 adders
  2 worms (D:2)
  A dart slug (D:1)
  A leopard gecko (D:1)
  13 orcs
  4 bats
  3 giant cockroaches
  9 goblins
  3 hobgoblins
  8 ball pythons (D:2)
  A frilled lizard (D:2)
  8 kobolds
  A leopard gecko skeleton (D:4)
  7 rats
66 creatures vanquished.

Notes
Turn   | Place    | Note
-------+----------+-------------------------------------------
     0 | D:1      | rvm the Human Fighter began the quest for the Orb.
     0 | D:1      | Reached XP level 1. HP: 18/18 MP: 1/1
   157 | D:1      | Reached XP level 2. HP: 24/24 MP: 2/2
   512 | D:1      | Reached skill level 3 in Long Blades
   819 | D:2      | Gained mutation: Your flesh is cold resistant. (rC+) [potion of beneficial mutation]
   870 | D:2      | Reached XP level 3. HP: 25/29 MP: 3/3
  1221 | D:2      | Found a glowing golden altar of the Shining One.
  1225 | D:2      | Became a worshipper of the Shining One
  1346 | D:2      | Reached XP level 4. HP: 35/35 MP: 4/4
  1351 | D:2      | Reached skill level 4 in Long Blades
  2091 | D:3      | Reached XP level 5. HP: 41/41 MP: 5/5
  2285 | D:3      | Reached skill level 5 in Long Blades
  2460 | D:3      | Noticed an ogre
  2472 | D:3      | Killed an ogre
  2472 | D:3      | Reached skill level 6 in Long Blades
  2472 | D:3      | Reached XP level 6. HP: 28/47 MP: 6/6
  2844 | D:3      | Noticed Sigmund
  2928 | D:4      | Noticed an ogre
  2931 | D:4      | Noticed an ogre
  2932 | D:4      | Noticed Grinder
  2969 | D:4      | Reached * piety under the Shining One
  3079 | D:4      | Noticed an ogre
  3420 | D:4      | HP: 1/47 [ogre/giant club (12)]
  3421 | D:4      | The Shining One protects you from harm!
  3423 | D:4      | The Shining One protects you from harm!
  3424 | D:4      | Mangled by an ogre

Vault maps used:
D:1:      tarquinn_simple_flora_water_f
D:2:      nicolae_tso_carved_into_rock, minmay_shallow_snake_nest
D:3:      kennysheep_potato, uniq_crazy_yiuf_cottage, uniq_sigmund
D:4:      cheibrodos_quashed, first_bread, uniq_grinder

Skill      XL: |  1  2  3  4  5 |
---------------+----------------+-----
Long Blades    | 3 4 6 |  6.2
Fighting       | |  3.0
Armour         | |  3.0
Shields        | |  3.0

Action                   |  1- 3 |  4- 6 || total
-------------------------+-------+-------++-------
Melee: Long sword        |   104 |   124 ||   228
Throw: Stone             |       |     4 ||     4
  Use: Scroll            |     2 |       ||     2
       Potion            |     1 |     2 ||     3
  Eat: Chunk             |     2 |     6 ||     8
Armor: Scale mail        |    62 |       ||    62
       Chain mail        |     6 |    80 ||    86
Dodge: Dodged            |    53 |    43 ||    96
Block: Shield            |     9 |       ||     9
       Rpst.: Long sword |    18 |    12 ||    30
